 Dungeon Crawl Stone Soup version 0.31-a0-816-gd61d57ddb1 (webtiles) character file.

Game seed: 4167056286570502907

94 Dirtsage the Chopper (level 4, -9/35 HPs)
             Began as a Demonspawn Fighter on Sept 23, 2023.
             Mangled by Sigmund
             ... wielding a +4 scythe of protection
              (11 damage)
             ... on level 2 of the Dungeon.
             The game lasted 00:01:47 (1330 turns).

Dirtsage the Chopper (Demonspawn Fighter)           Turns: 1330, Time: 00:01:48

Health: -9/35      AC:  7    Str: 18    XL:     4   Next: 38%
Magic:  4/4        EV:  9    Int: 10    God:
Gold:   122        SH:  8    Dex: 12    Spells: 3/3 levels left

rFire   . . .        a - +0 war axe
rCold   . . .        c - +0 buckler
rNeg    . . .        b - +0 scale mail
rPois   .            (helmet restricted)
rElec   .            (no cloak)
rCorr   .            (no gloves)
SInv    .            n - +0 pair of boots
Will    .....        (no amulet) Stlth
                     l - ring of flight
HPRegen 0.25/turn    (no ring)
MPRegen 0.09/turn

%: no passive effects
@: flying
A: horns 2, condensation shield
a: no special abilities


You were on level 2 of the Dungeon.
You visited 1 branch of the dungeon, and saw 2 of its levels.

You collected 122 gold pieces.

Inventory:

Hand Weapons
 a - a +0 war axe (weapon)
Armour
 b - a +0 scale mail (worn)
 c - a +0 buckler (worn)
 n - a +0 pair of boots (worn)
Jewellery
 l - a ring of flight (left hand)
 q - a ring of magical power
Scrolls
 e - 2 scrolls of blinking {unknown}
 f - a scroll of silence {unknown}
 g - 3 scrolls of identify {unknown}
 h - 2 scrolls of fog {unknown}
 i - a scroll of enchant weapon {unknown}
 j - a scroll of poison {unknown}
 k - a scroll of noise {unknown}
 o - 2 scrolls of enchant armour {unknown}
Potions
 d - a potion of might
 m - a potion of degeneration {unknown}
 p - a potion of curing {unknown}


   Skills:
 - Level 3.0 Fighting
 + Level 4.3 Axes
 - Level 2.6 Armour
 - Level 2.6 Shields


You had 3 spell levels left.
You didn't know any spells.
Your spell library contained the following spells:

 Spells                   Type           Power      Damage    Failure   Level
 Freeze                   Ice            0%         1d3       83%         1
 Magic Dart               Conj           0%         1d3       83%         1
 Call Imp                 Summ           0%         N/A       93%         2
 Mephitic Cloud           Conj/Pois/Air  0%         N/A       99%         3
 Ozocubu's Armour         Ice            0%         N/A       99%         3
 Metabolic Englaciation   Hex/Ice        0%         N/A       100%        5


Dungeon Overview and Level Annotations

Branches:
Dungeon (2/15)

Altars:

Annotations:
D:2 Sigmund


Innate Abilities, Weirdness & Mutations

You have a pair of horns on your head.
A meltable shield of frost defends you. (SH +4)


Message History

You take 3 damage, and have 18/35 hp.
You slash Terence!
You kill Terence!
Things that are here:
a +0 trident; a +0 scale mail; the human corpse of Terence Sigmund the Dreaded comes into view.
He is wielding a +4 scythe of protection.
Health restored: 35 You have nothing you can fire or use right now.
Unknown command.
Unknown command.
Sigmund gestures at you while chanting.
You are confused.
Sigmund hits you from afar with a +4 scythe of protection.
You take 1 damage, and have 34/35 hp.
You bump into the rock wall.
Sigmund hits you from afar with a +4 scythe of protection.
You take 1 damage, and have 33/35 hp.
You bump into the rock wall.
You feel less confused.
Sigmund gestures wildly while chanting.
Sigmund flickers and vanishes!
Deactivating autopickup; reactivate with Ctrl-A.
You hit something but do no damage. Something hits you!
You take 9 damage, and have 25/35 hp.
MASSIVE DAMAGE!!
You closely miss something. You headbutt something. Something hits you.
You take 5 damage, and have 20/35 hp.
You closely miss something. Something hits you but does no damage.
You miss something. Something hits you!
You take 10 damage, and have 11/35 hp.
MASSIVE DAMAGE!!
You slash something! Something hits you.
* * * LOW HITPOINT WARNING * * *
You take 2 damage, and have 9/35 hp.
You barely miss something. You headbutt something.
You hear some strange, mumbled words.
A magic dart appears from out of thin air!
The magic dart hits you!
* * * LOW HITPOINT WARNING * * *
You take 7 damage, and have 2/35 hp.
You barely miss something. Your headbutt misses something. Something hits you!
You die...

###############.#
#
#...............#
#
#.###############
#.# #.# #.# #.#
#.########.#
#.....@{...#
##########.#


There were no monsters in sight!

Vanquished Creatures
  Terence (D:2)
  Robin (D:2)
  3 ball pythons
  3 bats
  2 endoplasms (D:1)
  3 giant cockroaches
  17 goblins
  8 hobgoblins
  2 quokkas (D:1)
  5 frilled lizards
  2 kobolds (D:1)
  3 rats
50 creatures vanquished.

Notes
Turn   | Place    | Note
-------+----------+-------------------------------------------
     0 | D:1      | Dirtsage the Demonspawn Fighter began the quest for the
                  | Orb.
     0 | D:1      | Reached XP level 1. HP: 18/18 MP: 1/1
    37 | D:1      | Got a rare book
    51 | D:1      | Reached skill level 2 in Axes
   165 | D:1      | Gained mutation: You have a pair of small horns on your
                  | head. [demonic ancestry]
   165 | D:1      | Reached XP level 2. HP: 24/24 MP: 2/2
   351 | D:1      | Reached skill level 3 in Axes
   455 | D:1      | Gained mutation: A meltable shield of frost defends you.
                  | (SH +4) [demonic ancestry]
   455 | D:1      | Reached XP level 3. HP: 26/29 MP: 3/3
   887 | D:2      | Noticed Robin
   916 | D:2      | Killed Robin
  1101 | D:2      | Gained mutation: You have a pair of horns on your head.
                  | [demonic ancestry]
  1101 | D:2      | Reached XP level 4. HP: 35/35 MP: 4/4
  1128 | D:2      | Reached skill level 4 in Axes
  1207 | D:2      | Noticed Terence
  1216 | D:2      | Killed Terence
  1317 | D:2      | Noticed Sigmund
  1330 | D:2      | Mangled by Sigmund

Illustrated notes

Levels and vault maps discovered:
D:1:      dpeg_arrival_prison, layout_rooms
D:2:      layout_basic, uniq_sigmund, uniq_robin, uniq_terence

Skill      XL: |  1  2  3  4 |
---------------+-------------+-----
Axes           | 2 3 4 |  4.3
Fighting       | |  3.0
Armour         | |  2.6
Shields        | |  2.6

Action                     |  1- 3 |  4- 6 || total
---------------------------+-------+-------++-------
  Melee: War axe           |   103 |    16 ||   119
         Headbutt          |     6 |     5 ||    11
 Armour: Scale mail        |    76 |    15 ||    91
  Dodge: Dodged            |    40 |     2 ||    42
  Block: Buckler           |    28 |     5 ||    33

Table legend: (Time is in decaauts)
 A = Elapsed time spent in this place.
 B = Non-inter-level travel time spent in this place.
 C = Inter-level travel time spent in this place.
 D = Time resting spent in this place.
 E = Time spent auto-exploring this place.
 F = Levels seen in this place.
 G = Mean time per level.
                   A        B        C        D        E       F      G
               +--------+--------+--------+--------+--------+-----+--------+
         Total |   1374 |   1328 |     46 |      0 |   1033 |   2 |  687.0 |
       Dungeon |   1374 |   1328 |     46 |      0 |   1033 |   2 |  687.0 |
               +--------+--------+--------+--------+--------+-----+--------+

Top non-repeatable levels by time:
     D:1: 689 daAuts
     D:2: 685 daAuts
